 Dungeon Crawl Stone Soup version 0.19.4-10-g532645f (webtiles) character file.

206 Magnus the Slasher (level 5, -2/41 HPs)
             Began as a Demonspawn Abyssal Knight on Feb 25, 2017.
             Was a Believer of Lugonu.
             Slain by a gnoll
             ... wielding a +3 halberd
              (10 damage)
             ... on level 3 of the Dungeon.
             The game lasted 00:06:09 (2579 turns).

Magnus the Slasher (Demonspawn Abyssal Knight)      Turns: 2579, Time: 00:06:10

Health: -2/41      AC:  8    Str: 13    XL:     5   Next: 53%
Magic:  6/6        EV: 11    Int: 13    God:    Lugonu [**....]
Gold:   87         SH:  0    Dex: 13    Spells: 0 memorised, 4 levels left

rFire  . . .     SeeInvis .     a - +1 falchion
rCold  . . .     Gourm    .     b - +0 leather armour
rNeg   . . .     Faith    .     (no shield)
rPois  .         Spirit   .     (helmet restricted)
rElec  .         Reflect  .     p - +0 cloak
rCorr  .         Harm     .     (no gloves)
MR     .....                    e - +1 pair of boots
Stlth  +.........               (no amulet)
                                (no ring)
                                (no ring)

@: no status effects
A: horns 1, iridescent scales 1, demonic guardian 1
a: Depart the Abyss, Bend Space, Renounce Religion


You were on level 3 of the Dungeon.
You worshipped Lugonu.
Lugonu was pleased with you.
You were hungry.

You visited 1 branch of the dungeon, and saw 3 of its levels.
You visited the Abyss 1 time.

You collected 87 gold pieces.

Inventory:

Hand Weapons
 a - a +1 falchion (weapon)
Armour
 b - a +0 leather armour (worn)
 e - a +1 pair of boots (worn)
 p - a +0 cloak (worn)
Jewellery
 j - a cursed -2 ring of strength {unknown}
 k - an uncursed ring of resist corrosion {unknown}
Scrolls
 d - 2 scrolls of fear {unknown}
 h - 2 scrolls of identify {unknown}
 i - 2 scrolls of amnesia {unknown}
 n - a scroll of teleportation {unknown}
 o - a scroll of remove curse {unknown}
Potions
 f - a potion of agility {unknown}
 g - a potion of heal wounds {unknown}
 l - a potion of brilliance {unknown}
 m - a potion of curing {unknown}
Comestibles
 c - a bread ration


   Skills:
 - Level 3.0 Fighting
 + Level 5.2 Long Blades
 - Level 1.7 Armour
 - Level 0.8 Dodging
 - Level 1.0 Stealth
 - Level 2.4 Invocations


You had 4 spell levels left.
You didn't know any spells.

Dungeon Overview and Level Annotations

Branches:
Dungeon (3/15)

Altars:


Innate Abilities, Weirdness & Mutations

You have a pair of small horns on your head.
You are partially covered in iridescent scales. (AC +2)
A weak demonic guardian rushes to your aid.


Message History

Your iron imp closely misses the gnoll.
Your iron imp hits the gnoll but does no damage.
The gnoll hits your white imp with an enchanted halberd!
Something disappears in a puff of smoke!
Your white imp hits the gnoll.
Your white imp freezes the gnoll.
You barely miss the gnoll. Your headbutt misses the gnoll.
The gnoll is heavily wounded.
The gnoll completely misses you.
You riposte.
You hit the gnoll.
The gnoll is severely wounded.
You hit the gnoll.
You kill the gnoll!
Lugonu accepts your kill.
Your white imp disappears in a puff of smoke!
The gnoll hits you from afar with an enchanted halberd!
* * * LOW HITPOINT WARNING * * *
A goblin comes into view. It is wielding a dagger.
Found 5 gold pieces.
There is a stone staircase leading up here.
The gnoll hits you from afar with an enchanted halberd!
You die...

..........##.###g..........#
..........##.#...#.........#
........).##.#.######.######
........###...# #.####.#
....g...##...## #.##...#
...#....#..#.# ##....#.#
...##.>.#.##.######...###.#
. #.....##.#..gg.^.## #.#
#....###.#@####.## ##.#
##...## #.#.####.# #..#
#####...## #.#......# #.##
##......### #.######## #.#
#..####...# #..# #.# #.##
##...# ##.# #.# #.# #....#
#.# #.# ..# #....#####.# #.#
### #.##....##.# #.#


You could see a gnoll and a goblin.

Vanquished Creatures
  A howler monkey (D:3)
  A hound (D:3)
  2 gnolls
  4 adders
  4 worms
  A dart slug (D:1)
  2 leopard geckos (D:3)
  3 ball pythons
  3 bats
  4 giant cockroaches
  8 goblins
  5 hobgoblins
  10 jackals
  3 quokkas
  6 frilled lizards
  8 kobolds
  7 rats
72 creatures vanquished.

Vanquished Creatures (collateral kills)
  A gnoll (D:3)
  An adder (D:3)
  A hobgoblin (D:3)
3 creatures vanquished.

Vanquished Creatures (others)
  A lurking horror (Abyss:1)
1 creature vanquished.

Grand Total: 76 creatures vanquished

Notes
Turn   | Place    | Note
-------+----------+-------------------------------------------
     0 | Abyss:1  | Magnus the Demonspawn Abyssal Knight began the quest for the Orb.
     0 | Abyss:1  | Reached XP level 1. HP: 18/18 MP: 2/2
    78 | Abyss:1  | Noticed a wizard
    80 | D:1      | Escaped the Abyss
   275 | D:1      | Reached skill level 2 in Long Blades
   442 | D:1      | Reached * piety under Lugonu
   442 | D:1      | Gained mutation: You have a pair of small horns on your head. [demonic ancestry]
   442 | D:1      | Reached XP level 2. HP: 24/24 MP: 3/3
   578 | D:1      | Reached skill level 3 in Long Blades
   828 | D:1      | Gained mutation: A weak demonic guardian rushes to your aid. [demonic ancestry]
   828 | D:1      | Reached XP level 3. HP: 26/29 MP: 4/4
  1402 | D:2      | Reached XP level 4. HP: 25/35 MP: 5/5
  1524 | D:2      | Reached skill level 4 in Long Blades
  1661 | D:2      | Reached ** piety under Lugonu
  2219 | D:3      | Gained mutation: You are partially covered in iridescent scales. (AC +2) [demonic ancestry]
  2219 | D:3      | Reached XP level 5. HP: 36/41 MP: 6/6
  2388 | D:3      | Reached skill level 1 in Stealth
  2465 | D:3      | Reached skill level 5 in Long Blades
  2579 | D:3      | Slain by a gnoll

Skill      XL: |  1  2  3  4  5 |
---------------+----------------+-----
Long Blades    | 2 3 4 5 |  5.2
Stealth        | 1 |  1.0
Fighting       | |  3.0
Armour         | |  1.7
Dodging        | |  0.8
Invocations    | |  2.4

Action                   |  1- 3 |  4- 6 || total
-------------------------+-------+-------++-------
Melee: Falchion          |   102 |   104 ||   206
       Headbutt          |    15 |    16 ||    31
Invok: Depart the Abyss  |     1 |       ||     1
  Eat: Chunk             |     2 |     3 ||     5
Armor: Leather armour    |    33 |    27 ||    60
Dodge: Dodged            |    67 |    73 ||   140
       Rpst.: Falchion   |    18 |    27 ||    45
